cohdb
Replays
Latest Replays
All Replays
Popular Replays
Top Player Replays
Match Explorer
How It Works
Community
CoH3 Stats
Reddit
Sign in to upload your games and track your stats! →
Sign in with Steam
Match 28541769
Unlisted
Match 28541769
Overview
Messages
Build Orders
End
Selects Italian Coastal Battlegroup
Selects Coastal Reserves
Coastal Reserve
Coastal Reserve
Coastal Reserve
Construct Infanterie Kompanie
Infanterie Officer Quarters
Medical Bunker
Selects Support Bunkers
GrW 34 Mortar Team
Selects Artillery Officer
Artillery Officer
Construct Panzergrenadier Kompanie
Pak 40 Anti-tank Gun Team
Pak 40 Anti-tank Gun Team
Construct Panzer Kompanie
Selects Rapid Fortifications
Selects Bulwark
Rapid Fortifications
Panzer IV Medium Tank
Rapid Fortifications
Side Skirts
Panzer Officer Quarters
Rapid Fortifications
Repair Bunker
Kettenkrad Recon Vehicle
Artillery Officer
Kettenkrad Recon Vehicle
Panzer IV Medium Tank
Selects Obice da 210/22 Artillery Emplacement
Pak 40 Anti-tank Gun Team
Panzer IV Medium Tank
Panzer IV Medium Tank
Coastal Reserve
Rapid Fortifications
Repair Bunker
Panzer IV Medium Tank
Rapid Fortifications
Panzer IV Medium Tank
Panzer IV Medium Tank
Kettenkrad Recon Vehicle
Rapid Fortifications
MG 42 Bunker
Rapid Fortifications
Anti-tank Bunker
Glorb
SlaughterWolves
pagep
Mr Gloambury
Mortal Wombat
canario_guerrero
NoX
315394328
0
0
Comments
sign in to comment!
No comments posted yet!